Map: Washout LE

Players

Brood - Winner!

  • Race: Zerg Zerg
  • League: Diamond

Altik

  • Race: Terran Terran
  • League: Diamond

VOD

Have the link to the VOD?

Description

Time

  • Played on: Aug. 4, 2026, 4:14 p.m.
  • Length: 8:54
Show
View Real Time Build Order
Export as new Build Order

Brood Zerg - Winner!

Build Orders: Hatch First 

Get SALT Encoding   

  8  0:00  Drone  
  9  0:10  Drone  
  10  0:16  Drone  
  11  0:22  Drone  
  12  0:30  Extractor  
  12  0:32  Drone  
  13  0:47  Overlord  
  13  1:04  Hatchery  
  13  1:09  Drone  
  13  1:12  Drone  
  13  1:15  Drone  
  15  1:20  Drone  
  16  1:31  Drone  
  17  1:39  Spawning Pool  
  16  1:47  Drone  
  16  1:54  Drone, Extractor  
  18  1:59  Drone  
  18  2:09  Drone  
  19  2:16  Overlord  
  19  2:23  Drone  
  19  2:28  Queen x2, Extractor  
  23  2:32  Drone  
  24  2:38  Drone  
  24  2:39  Drone  
  24  2:44  Drone  
  27  2:46  Drone  
  27  2:50  Drone  
  29  2:56  Drone  
  30  2:59  Overlord  
  30  3:07  Queen  
  32  3:15  Lair  
  32  3:19  Drone  
  33  3:20  Drone  
  33  3:22  Drone  
  33  3:25  Drone  
  36  3:28  Drone  
  36  3:30  Drone  
  38  3:40  Drone  
  38  3:41  Overlord  
  39  3:44  Overlord  
  39  3:50  Extractor  
  39  3:53  Drone x2  
  40  4:06  Hatchery  
  40  4:07  Drone  
  40  4:13  Spire  
  39  4:17  Drone x2  
  39  4:18  Drone  
  39  4:19  Extractor  
  41  4:25  Drone  
  41  4:26  Drone x2  
  41  4:27  Drone  
  41  4:28  Drone  
  46  4:32  Drone x2  
  46  4:34  Drone  
  49  4:42  Queen  
  51  4:47  Drone  
  51  4:48  Drone x2  
  51  4:50  Drone  
  55  4:53  Overlord  
  55  4:57  Overlord  
  55  5:21  Mutalisk  
  55  5:22  Mutalisk x6  
  69  5:28  Overseer  
  69  5:29  Overseer  
  69  5:40  Drone x7  
  69  5:41  Overlord  
  76  5:56  Overlord x2  
  76  6:02  Mutalisk x4  
  84  6:05  Overlord  
  84  6:32  Mutalisk x5  
  94  6:54  Mutalisk x2  
  94  6:57  Drone x10  
  94  6:58  Overlord  
  94  6:59  Overlord  
  108  7:02  Extractor  
  108  7:03  Extractor  
  108  7:05  Mutalisk  
  108  7:12  Baneling Nest  
  107  7:18  Mutalisk  
  109  7:34  Mutalisk x2  
  113  7:41  Drone x3  
  113  7:42  Drone  
  113  7:43  Mutalisk  
  119  8:04  Mutalisk x2  
  123  8:06  Overlord x4  
  123  8:07  Overlord  
  123  8:21  Hatchery  
  123  8:26  Hatchery  
  121  8:29  Mutalisk x5  
Show
View Real Time Build Order
Export as new Build Order

Altik Terran 

Build Orders:  

Get SALT Encoding   

  8  0:00  SCV  
  9  0:12  SCV  
  10  0:24  SCV  
  11  0:37  SCV  
  11  0:39  Supply Depot  
  12  0:49  SCV  
  13  1:01  SCV, Barracks  
  14  1:06  Refinery  
  14  1:13  SCV  
  15  1:25  SCV  
  16  1:37  SCV  
  17  1:49  Marine  
  17  1:53  Command Center, SCV  
  19  2:05  Orbital Command  
  19  2:15  Barracks Reactor  
  19  2:19  Supply Depot  
  19  2:31  Factory  
  19  2:34  SCV  
  20  2:49  Bunker  
  20  2:50  SCV  
  21  2:52  Marine  
  21  2:53  Marine  
  23  3:02  Refinery, SCV  
  24  3:07  Supply Depot  
  24  3:16  Orbital Command  
  24  3:17  SCV  
  25  3:24  Factory Tech Lab  
  25  3:30  SCV  
  26  3:36  Marine x2  
  28  3:42  SCV x2  
  30  3:52  Siege Tank  
  30  3:53  Marine  
  30  3:54  Marine, SCV  
  36  3:59  Barracks  
  36  4:04  SCV  
  36  4:06  SCV  
  38  4:11  Marine x2  
  38  4:16  SCV  
  41  4:18  Starport  
  41  4:22  SCV  
  42  4:28  SCV, Siege Tank  
  46  4:34  SCV  
  46  4:35  Refinery  
  47  4:38  Supply Depot  
  47  4:43  SCV  
  47  4:44  Supply Depot  
  48  4:50  Barracks  
  48  4:53  SCV  
  48  4:57  Starport Reactor  
  49  5:04  SCV, Marine x2  
  49  5:06  Factory Tech Lab  
  52  5:08  Stimpack  
  52  5:09  SCV  
  52  5:13  Supply Depot  
  53  5:16  SCV, Supply Depot  
  54  5:21  Engineering Bay  
  54  5:22  Marine  
  54  5:23  Marine  
  54  5:25  SCV  
  57  5:34  SCV, Supply Depot  
  58  5:35  Medivac x2  
  62  5:43  Marine x2  
  62  5:45  Barracks Reactor  
  64  5:57  Marine  
  64  6:01  Missile Turret  
  64  6:02  Missile Turret  
  65  6:05  SCV x2, Missile Turret  
  65  6:08  Marine x2  
  65  6:09  Siege Tank  
  72  6:13  Medivac x2  
  76  6:19  Terran Infantry Weapons Level 1  
  76  6:20  SCV  
  76  6:21  SCV  
  78  6:33  SCV x2  
  78  6:35  Missile Turret  
  79  6:40  Supply Depot  
  79  6:41  Supply Depot  
  79  6:56  SCV x2  
  79  6:58  Missile Turret  
  79  6:59  Barracks Tech Lab  
  79  7:01  Marine x2  
  81  7:02  Marine x2  
  86  7:08  SCV  
  86  7:10  Refinery  
  86  7:13  Siege Tank, Command Center  
  86  7:14  Missile Turret  
  89  7:21  SCV x2  
  91  7:29  Missile Turret  
  89  7:35  SCV  
  90  7:43  Missile Turret  
  90  7:45  Widow Mine  
  90  7:46  SCV  
  90  7:49  SCV  
  90  7:51  Missile Turret  
  94  7:53  Armory  
  94  7:58  SCV  
  94  8:01  SCV  
  94  8:03  Marine x4  
  99  8:10  SCV  
  99  8:12  Widow Mine  
  102  8:19  SCV  
  103  8:22  SCV  
  103  8:30  Marine x3  
  106  8:34  Marine  
  106  8:38  Missile Turret  
  103  8:44  Missile Turret  
Tags
 
Add a new tag
Caveats
  • Supply blocks, unpowered buildings, or Contaminate may cause inaccurate times.
  • Supply counts are checked every 10 seconds.